 Dungeon Crawl Stone Soup version 0.28.0 (webtiles) character file.

Game seed: 16175182408315080996

67 buriedalive the Chiller (level 3, 0/19 HPs)
             Began as a Deep Elf Ice Elementalist on Feb 5, 2022.
             Slain by an endoplasm (2 damage)
             ... on level 3 of the Dungeon.
             The game lasted 00:04:16 (3187 turns).

buriedalive the Chiller (Deep Elf Ice Elementalist) Turns: 3187, Time: 00:04:17

Health: 0/19       AC:  2    Str:  5    XL:     3   Next: 98%
Magic:  2/9        EV: 13    Int: 21    God:
Gold:   179        SH:  0    Dex: 15    Spells: 1/8 levels left

rFire   . . .      SeeInvis .   c - staff of cold
rCold   + . .      Faith    .   (no shield)
rNeg    . . .      Spirit   .   a - +0 robe
rPois   .          Reflect  .   (no helmet)
rElec   .          Harm     .   (no cloak)
rCorr   .          Rampage  .   (no gloves)
Will    .....                   (no boots)
Stlth   ++........              (no amulet)
HPRegen 0.06/turn               (no ring)
MPRegen 0.11/turn               (no ring)

@: lethally poisoned (0 -> -2), very slightly contaminated
A: no striking features
a: no special abilities


You were on level 3 of the Dungeon.
You visited 1 branch of the dungeon, and saw 3 of its levels.

You collected 179 gold pieces.

Inventory:

Hand Weapons
 b - a +0 whip
 e - a +1 dagger
Missiles
 h - 48 stones
 o - 4 poisoned darts
Armour
 a - a +0 robe (worn)
Magical Staves
 c - a staff of cold (weapon)
Scrolls
 g - a scroll of silence
 p - a scroll of teleportation
Potions
 d - a potion of berserk rage
 f - a potion of curing
 j - 2 potions of haste {unknown}
 k - 2 potions of might {unknown}
 r - a potion of ambrosia {unknown}


   Skills:
 + Level 4.0 Dodging
 - Level 2.4 Stealth
 - Level 3.0 Spellcasting
 + Level 5.3 Ice Magic


You had one spell level left.
You knew the following spells:

 Your Spells              Type           Power      Damage    Failure   Level
a - Freeze                Ice            100%       1d11      1%          1
b - Ozocubu's Armour      Ice            38%        N/A       4%          3
c - Frozen Ramparts       Ice            76%        1d9       4%          3

Your spell library contained the following spells:

 Spells                   Type           Power      Damage    Failure   Level
 Hailstorm                Conj/Ice       21%        3d6       41%         4


Dungeon Overview and Level Annotations

Branches:
Dungeon (3/15)

Altars:


Message History

Casting: Frozen Ramparts (quite dangerous; 4% risk of failure)
Confirm with . or Enter, or press ? or * to list all spells.
The spell is quite dangerous to miscast (4% risk of failure)!
Continue anyway?
Casting: Frozen Ramparts (quite dangerous; 4% risk of failure)
Press: ? - help, Dir - look around, f - activate You feel a surge of power!
You miscast Frozen Ramparts.
You are very lightly contaminated with residual magic.
Nothing appears to happen.
You feel sick. The adder misses you.
Unknown command.
Casting: Frozen Ramparts (quite dangerous; 4% risk of failure)
Confirm with . or Enter, or press ? or * to list all spells.
Aiming: Freeze (safe; 1% risk of failure)
Press: ? - help, Shift-Dir - straight line, f - adder
Aim: an adder (heavily wounded, slow)
You feel a surge of power!
You freeze the adder.
The adder is severely wounded.
The adder seems to slow down.
You feel sick. The adder closely misses you. The endoplasm hits you.
Casting: Freeze (safe; 1% risk of failure)
Confirm with . or Enter, or press ? or * to list all spells.
Aiming: Freeze (safe; 1% risk of failure)
Press: ? - help, Shift-Dir - straight line, f/p - adder
Aim: an adder (severely wounded, slow)
You feel a surge of power!
You freeze the adder.
The adder is almost dead.
You feel sick. The adder bites you.
* * * LOW HITPOINT WARNING * * *
The endoplasm freezes you.
You are frozen.
You resist.
* * * LOW HITPOINT WARNING * * *
Casting: Freeze (safe; 1% risk of failure)
Confirm with . or Enter, or press ? or * to list all spells.
Aiming: Freeze (safe; 1% risk of failure)
Press: ? - help, Shift-Dir - straight line, f/p - adder
Aim: an adder (almost dead, slow)
You feel a surge of power!
You freeze the adder.
You kill the adder!
* * * LOW HITPOINT WARNING * * *
You feel sick. The endoplasm hits you.
You die...

#...≈# #...≈# ≈.
....≈###§. ### ...≈≈≈≈≈.
.... ...o...§.
###..##..≈≈≈≈ .........≈#
#########..≈# ≈.
#.....@....≈###≈.
<........J...≈≈≈≈§.≈≈≈≈§.
.##.#######...§§.....§.§.
# #.§§§§≈≈.≈≈≈§§§
#..§###≈.≈# #≈§ #..≈#
#≈.≈# #≈§ #..≈###≈.≈###≈.
#..≈≈≈≈≈.≈≈≈≈≈.
##.............


You could see an endoplasm.

Vanquished Creatures
  3 adders
  A worm (D:2)
  An orc (D:3)
  9 bats
  4 endoplasms
  5 giant cockroaches
  A goblin (D:1)
  8 hobgoblins
  3 kobolds
  3 ball pythons
  4 rats
42 creatures vanquished.

Notes
Turn   | Place    | Note
-------+----------+-------------------------------------------
     0 | D:1      | buriedalive the Deep Elf Ice Elementalist began the quest
                  | for the Orb.
     0 | D:1      | Reached XP level 1. HP: 10/10 MP: 6/6
   310 | D:1      | Reached XP level 2. HP: 15/15 MP: 8/8
   333 | D:1      | Found a faded altar of an unknown god.
  1670 | D:2      | Reached skill level 5 in Ice Magic
  1670 | D:2      | Reached XP level 3. HP: 7/19 MP: 2/9
  1870 | D:2      | Learned a level 3 spell: Ozocubu's Armour
  1874 | D:2      | Learned a level 3 spell: Frozen Ramparts
  2785 | D:2      | Identified a scroll of acquirement
  2785 | D:2      | Acquired a staff of cold
  3187 | D:3      | Slain by an endoplasm

Illustrated notes

Levels and vault maps discovered:
D:1:      saegor_arrival_simple_e, layout_loops_corners,
          nicolae_ecumenical_lake_church, minivault_25
D:2:      layout_loops_ring, minmay_joined_circles
D:3:      layout_basic, ebering_ghost_sewer_d, portal_sewer_entry_f,
          kennysheep_boxes

Skill      XL: |  1  2  3 |
---------------+----------+-----
Dodging        | 3 4 |  4.0
Ice Magic      | 5 |  5.3
Stealth        | |  2.4
Spellcasting   | |  3.0

Action                   || total
-------------------------++-------
Melee: Dagger            ||    27
       Whip              ||     2
       Punch             ||     1
       Staff             ||     8
 Cast: Freeze            ||    53
  Use: Scroll            ||    10
 Stab: Sleeping          ||     6
Armor: Robe              ||    15
Dodge: Dodged            ||    50
